 Dungeon Crawl Stone Soup version 0.31.0-9-g3a7656b989 (webtiles) character file.

Game seed: 15763618172927491897

106 Deca the Covered (level 4, -1/38 HPs)
             Began as an Armataur Fighter on Jan 25, 2024.
             Was an Initiate of Wu Jian.
             Slain by a gnoll
             ... wielding a +0 whip
             ... led by a gnoll bouda
              (2 damage)
             ... on level 4 of the Dungeon on Jan 26, 2024.
             The game lasted 00:09:26 (2503 turns).

Deca the Covered (Armataur Fighter)                 Turns: 2503, Time: 00:09:27

Health: -1/38      AC:  8    Str: 21    XL:     4   Next: 55%
Magic:  4/4        EV:  7    Int:  9    God:    Wu Jian [......]
Gold:   131        SH:  6    Dex: 11    Spells: 3/3 levels left

rFire   . . .        a - +0 war axe
rCold   . . .        l - +2 buckler
rNeg    . . .        b - +1 scale mail
rPois   .            (no helmet)
rElec   .            (no cloak)
rCorr   .            (no gloves)
SInv    .            (no barding)
Will    .....        (no amulet) Stlth
                     (no ring)
HPRegen 0.26/turn    (no ring)
MPRegen 0.09/turn

%: roll
@: mighty, weakened
A: large, deformed body, tough skin 3, armoured tail, roll 1
a: Renounce Religion


You were on level 4 of the Dungeon.
You worshipped Wu Jian.
Wu Jian was noncommittal.
You visited 1 branch of the dungeon, and saw 4 of its levels.

You collected 131 gold pieces.

Inventory:

Hand Weapons
 a - a +0 war axe (weapon)
Armour
 b - a +1 scale mail (worn)
 l - a +2 buckler (worn)
Jewellery
 i - an amulet of reflection
 j - a ring of poison resistance
 m - an amulet of the acrobat
Scrolls
 e - a scroll of blinking
 h - a scroll of teleportation
 k - a scroll of enchant weapon {unknown}
Potions
 c - a potion of heal wounds {unknown}
 f - 2 potions of attraction {unknown}
 g - 2 potions of curing {unknown}


   Skills:
 * Level 3.3 Fighting
 * Level 2.4 Axes
 * Level 4.5 Armour
 * Level 4.1 Shields


You had 3 spell levels left.
You didn't know any spells.
Your spell library contained the following spells:

 Spells                   Type           Power      Damage    Failure   Level
 Sting                    Conj/Alch      0%         1d3       78%         1
 Mercury Vapours          Alch/Air       0%         N/A       89%         2
 Olgreb's Toxic Radiance  Alch           0%         N/A       100%        4
 Conjure Ball Lightning   Conj/Air       0%         3x3d6     100%        6
 Discord                  Hex            0%         N/A       100%        8
 Disjunction              Tloc           0%         N/A       100%        8


Dungeon Overview and Level Annotations

Branches:
Dungeon (4/15)
 Temple: D:4-7

Altars:
Ashenzari
Hepliaklqana
Wu Jian


Innate Abilities, Weirdness & Mutations

Armour fits poorly on your strangely shaped body.
You have extremely tough skin. (AC +3)
You have a long armoured tail.
You regenerate magic when rolling toward enemies. (Rampage MPRegen)


Message History

You block the gnoll bouda's attack.
You hit the gnoll bouda but do no damage.
Your tail-slap misses the gnoll bouda.
The gnoll bouda is heavily wounded.
You hit the gnoll but do no damage. You block the gnoll's attack.
The gnoll bouda completely misses you. You block the gnoll's attack.
The gnoll bouda hits you but does no damage.
You barely miss the gnoll bouda.
The gnoll bouda is heavily wounded.
You closely miss the gnoll. The gnoll hits you with a +0 whip.
You block the gnoll bouda's attack.
You hit the gnoll bouda.
The gnoll bouda is severely wounded.
You hit the gnoll. The gnoll hits you with a +0 whip.
The gnoll bouda gazes fiercely through you!
You feel your attacks grow feeble. The gnoll bouda closely misses you.
The gnoll hits you with a +0 whip.
You barely miss the gnoll bouda.
The gnoll bouda is severely wounded.
You barely miss the gnoll.
The gnoll bouda hits you but does no damage.
You block the gnoll's attack.
The gnoll bouda gazes fiercely through you!
You feel as though you will be weak longer.
The gnoll bouda hits you with a +0 club.
You feel very mighty all of a sudden. The gnoll hits you with a +0 whip.
* * * LOW HITPOINT WARNING * * *
The gnoll bouda barely misses you.
You closely miss the gnoll bouda.
The gnoll bouda is severely wounded.
You barely miss the gnoll. The gnoll barely misses you.
The gnoll bouda hits you with a +0 club!
* * * LOW HITPOINT WARNING * * *
You slash the gnoll bouda!
You kill the gnoll bouda!
The Council accepts your kill.
You hit the gnoll.
The gnoll is no longer moving quickly.
The gnoll hits you with a +0 whip.
You die...

##......### #..
##.........##...
#...............
.............#
#...........#
#.........#
###.......#
#@)...<..#
#..g..#####
#.....###
#......##
##..#### ###


You could see a gnoll.

Vanquished Creatures
  A gnoll bouda (D:4)
  5 gnolls
  A dart slug (D:2)
  A ribbon worm (D:2)
  5 orcs (D:3)
  5 endoplasms
  2 giant cockroaches (D:1)
  6 goblins
  3 hobgoblins
  2 kobolds (D:3)
  7 ball pythons
  5 bats
  7 rats
50 creatures vanquished.

Notes
Turn   | Place    | Note
-------+----------+-------------------------------------------
     0 | D:1      | Deca the Armataur Fighter began the quest for the Orb.
     0 | D:1      | Reached XP level 1. HP: 18/18 MP: 1/1
   300 | D:1      | Reached XP level 2. HP: 25/25 MP: 2/2
   917 | D:2      | Found a hazy altar of Hepliaklqana.
   998 | D:2      | Reached XP level 3. HP: 31/31 MP: 3/3
  1732 | D:3      | Reached XP level 4. HP: 19/38 MP: 4/4
  2256 | D:3      | Found an ornate altar of the Wu Jian Council.
  2256 | D:3      | Found a broken altar of Ashenzari.
  2262 | D:3      | Became a worshipper of the Wu Jian Council
  2502 | D:4      | HP: 1/38 [gnoll bouda/+0 club (7)]
  2503 | D:4      | Slain by a gnoll

Illustrated notes

Levels and vault maps discovered:
D:1:      dpeg_arrival_orchard, layout_basic
D:2:      layout_loops_ring, serial_aquarium, aquarium_bridge_long_joined
          [aquarium_subvault_bridge, aquarium_subvault_balcony,
          aquarium_subvault_wall, aquarium_subvault_bridge,
          aquarium_subvault_window, aquarium_subvault_window],
          aquarium_window_1, aquarium_window_corner, aquarium_window_corridor_3,
          aquarium_window_corner, aquarium_view_2c, aquarium_balcony_3a,
          basic_altar, amethyst_killhole
D:3:      layout_basic, gammafunk_temple_overflow_statue, roderic_lattice_a
D:4:      minmay_evil_eye, layout_cave_pods, grunt_temple_overflow_open,
          enter_ossuary_3, dreamdust_gnoll_farm

Skill      XL: |  1  2  3  4 |
---------------+-------------+-----
Armour         | 4 |  4.5
Axes           | 2 |  2.4
Fighting       | 3 |  3.3
Shields        | 4 |  4.1

Action                     |  1- 3 |  4- 6 || total
---------------------------+-------+-------++-------
  Melee: War axe           |   101 |    24 ||   125
         Tailslap          |    11 |     3 ||    14
    Use: Scroll            |     6 |       ||     6
         Potion            |       |     1 ||     1
 Armour: Scale mail        |    83 |    20 ||   103
  Dodge: Dodged            |    39 |     9 ||    48
  Block: Buckler           |    31 |    10 ||    41
